 Dungeon Crawl Stone Soup version 0.31-a0-1204-ge2c1a860ed (webtiles) character file.

Game seed: 17704057513111646928

165 LeprechaunX the Changeling (level 5, 0/35 HPs)
             Began as an Octopode Shapeshifter on Dec 12, 2023.
             Was an Initiate of Ru.
             Killed from afar by an orc wizard (9 damage)
             ... with a magic dart
             ... on level 3 of the Dungeon.
             The game lasted 00:02:48 (2104 turns).

LeprechaunX the Changeling (Octopode Shapeshifter)  Turns: 2104, Time: 00:02:49

Health: 0/35       AC:  1    Str: 14    XL:     5   Next: 46%
Magic:  5/5        EV: 13    Int: 12    God:    Ru [......]
Gold:   127        SH:  0    Dex: 13    Spells: 4/4 levels left

rFire   . . .        n - +2 dagger (vamp)
rCold   . . .        (no shield)
rNeg    . . .        (helmet currently unavailable)
rPois   .            (no amulet)
rElec   .            (no ring)
rCorr   .            (no ring)
SInv    .            (no ring)
Will    .....        (no ring)
Stlth   ++           (no ring)
HPRegen 0.25/turn    (no ring)
MPRegen 0.09/turn    (no ring)
                     (no ring)

%: no passive effects
@: beast-form
A: beast (slay +2), almost no armour, amphibious, 8 rings, camouflage 1,
gelatinous body 1, (nimble swimmer 1), tentacles
a: Begin Untransformation, Renounce Religion


You were on level 3 of the Dungeon.
You worshipped Ru.
Ru was noncommittal.
You were a hulking beast.
You visited 1 branch of the dungeon, and saw 3 of its levels.

You collected 127 gold pieces.

Inventory:

Hand Weapons
 a - a +0 sling
 n - a +2 vampiric dagger (weapon)
Missiles
 m - 3 atropa-tipped darts
 r - a boomerang
Talismans
 b - a beast talisman
 c - a flux talisman
Scrolls
 d - 2 scrolls of teleportation {unknown}
 e - 2 scrolls of fear {unknown}
 f - 4 scrolls of identify {unknown}
 g - 2 scrolls of fog {unknown}
 p - a scroll of noise {unknown}
Potions
 h - a potion of heal wounds {unknown}
 i - a potion of ambrosia {unknown}
 j - a potion of degeneration {unknown}
 k - 2 potions of cancellation {unknown}
 l - a potion of mutation {unknown}
 o - a potion of lignification
 q - a potion of brilliance {unknown}
 s - a potion of berserk rage {unknown}


   Skills:
 + Level 2.4 Fighting
 + Level 1.2 Throwing
 - Level 2.0 Dodging
 + Level 3.8 Unarmed Combat
 * Level 4.3 Shapeshifting


You had 4 spell levels left.
You didn't know any spells.
Your spell library was empty.

Dungeon Overview and Level Annotations

Branches:
Dungeon (3/15)

Altars:
Hepliaklqana
Kikubaaqudgha
Ru
Sif Muna
Wu Jian
Yredelemnul

Shops:
D:1 :


Innate Abilities, Weirdness & Mutations

You are a hulking beast.
Your limbs bulge with bestial killing power. (Slay +2)
You cannot wear most types of armour.
You are amphibious.
You can wear up to eight rings at the same time.
Your skin changes colour to match your surroundings (Stealth+).
Your rubbery body absorbs attacks. (AC +1, EV +1)
((You are camouflaged when in or above water. (Stealth+)))
You have tentacles for arms and can constrict up to eight enemies at once.


Message History

The orc wizard mumbles some strange words.
The orc wizard flickers and vanishes!
You hit the orc wizard.
The orc wizard is lightly wounded.
You constrict the orc wizard.
The orc wizard struggles to escape constriction.
You hit the orc wizard.
You feel better.
You squeeze the orc wizard, but do no damage.
The orc wizard is heavily wounded.
You constrict the orc wizard.
The orc wizard hits you with a +0 dagger.
You hit the orc wizard.
You feel better.
The orc wizard is almost dead.
You constrict the orc wizard. The orc wizard closely misses you.
You barely miss the orc wizard.
You squeeze the orc wizard, but do no damage.
The orc wizard is almost dead.
You constrict the orc wizard.
You kill the orc wizard!
No target in view!
No target in view!
You miss something. You barely miss something. Your squeeze misses something.
Something hits you. x2
You barely miss something. Something hits you but does no damage.
Something hits you.
You hit something.
You feel better. Something hits you. Something completely misses you.
You puncture something! Something hits you. x2
You hit something.
You feel better.
Your squeeze misses something. Something hits you.
You hear some strange, mumbled words.
Something tries to affect you, but you resist.
You barely miss something. Something hits you. x2
You miss something. You squeeze something! Something barely misses you. x2
You closely miss something. Something hits you.
* * * LOW HITPOINT WARNING * * *
You hear some strange, mumbled words.
A magic dart appears from out of thin air!
The magic dart hits you!
You die...

.........##.......#
#######....>...####
........####.#####
........# #.##..#
........# ###...+
........# ##....#
........####.....# ##
...........#.⌠.⌠{#..#
..............⌠.h{._#
#######.####.⌠.⌠.#..#
#.# #.....#### #.#
##....#..# #.#
##...'._# #..
##..#..# ### #######


There were no monsters in sight!

Vanquished Creatures
  2 orc wizards (D:3)
  Robin (D:2)
  4 adders
  5 orcs (D:3)
  4 endoplasms (D:2)
  8 giant cockroaches
  7 hobgoblins
  4 kobolds
  3 quokkas (D:2)
  3 ball pythons
  A bat (D:2)
  2 frilled lizards (D:2)
  13 goblins
  A rat (D:2)
58 creatures vanquished.

Notes
Turn   | Place    | Note
-------+----------+-------------------------------------------
     0 | D:1      | LeprechaunX the Octopode Shapeshifter began the quest for
                  | the Orb.
     0 | D:1      | Reached XP level 1. HP: 13/13 MP: 1/1
   195 | D:1      | Found Xuubb's Book Shoppe.
   553 | D:1      | Found a faded altar of an unknown god.
   691 | D:1      | Reached XP level 2. HP: 18/18 MP: 2/2
   942 | D:1      | Prayed at the altar of an unknown god.
   942 | D:1      | Became a worshipper of Ru the Awakened
  1103 | D:2      | Reached XP level 3. HP: 23/23 MP: 3/3
  1349 | D:2      | Reached XP level 4. HP: 29/29 MP: 4/4
  1433 | D:2      | Noticed Robin
  1451 | D:2      | Killed Robin
  1452 | D:2      | Reached skill level 4 in Shapeshifting
  1897 | D:3      | Found a sacrificial altar of Ru.
  1900 | D:3      | Found a hazy altar of Hepliaklqana.
  1903 | D:3      | Found a basalt altar of Yredelemnul.
  1906 | D:3      | Found an ornate altar of the Wu Jian Council.
  2012 | D:3      | Reached XP level 5. HP: 34/34 MP: 5/5
  2040 | D:3      | Found a shimmering blue altar of Sif Muna.
  2049 | D:3      | Reached skill level 1 in Throwing
  2090 | D:3      | Found an ancient bone altar of Kikubaaqudgha.
  2104 | D:3      | Killed from afar by an orc wizard

Illustrated notes

Levels and vault maps discovered:
D:1:      ldierk_walled_garden_2, layout_basic, ebering_ecumenical_altar_mist,
          serial_shops, shop
D:2:      layout_basic, minmay_misc_feat_tower, uniq_robin
D:3:      layout_basic, palyth_temple_overflow_mages,
          grunt_temple_overflow_cloverleaf, gammafunk_ghost_icy

Skill      XL: |  1  2  3  4  5 |
---------------+----------------+-----
Fighting       | 2 |  2.4
Shapeshifting  | 4 |  4.3
Throwing       | 1 |  1.2
Dodging        | |  2.0
Unarmed Combat | |  3.8

Action                     |  1- 3 |  4- 6 || total
---------------------------+-------+-------++-------
  Melee: Unarmed           |    54 |    24 ||    78
         Constrict         |    13 |    12 ||    25
         Tentacles         |    10 |    16 ||    26
         Punch             |     1 |     1 ||     2
         Dagger            |       |    48 ||    48
 Invoke: Reject Sacrifices |     1 |       ||     1
   Stab: Sleeping          |     6 |     2 ||     8
 Armour: Skin              |    21 |    40 ||    61
  Dodge: Dodged            |    22 |    36 ||    58

Table legend: (Time is in decaauts)
 A = Elapsed time spent in this place.
 B = Non-inter-level travel time spent in this place.
 C = Inter-level travel time spent in this place.
 D = Time resting spent in this place.
 E = Time spent auto-exploring this place.
 F = Levels seen in this place.
 G = Mean time per level.
                   A        B        C        D        E       F      G
               +--------+--------+--------+--------+--------+-----+--------+
         Total |   2098 |   1979 |    119 |      0 |   1649 |   3 |  699.3 |
       Dungeon |   2098 |   1979 |    119 |      0 |   1649 |   3 |  699.3 |
               +--------+--------+--------+--------+--------+-----+--------+

Top non-repeatable levels by time:
     D:1: 952 daAuts
     D:2: 800 daAuts
     D:3: 345 daAuts
